 Dungeon Crawl Stone Soup version 0.24.1 (webtiles) character file.

Game seed: 3360626970091576521, levelgen mode: deterministic

11 M4edhros the Grave Robber (level 2, 0/17 HPs)
             Began as an Octopode Necromancer on Mar 31, 2020.
             Slain by a hound (1 damage)
             ... on level 2 of the Dungeon.
             The game lasted 00:01:59 (380 turns).

M4edhros the Grave Robber (Octopode Necromancer)     Turns: 380, Time: 00:02:00

Health: 0/17       AC:  1    Str:  7    XL:     2   Next: 25%
Magic:  1/5        EV: 13    Int: 17    God:
Gold:   75         SH:  0    Dex: 12    Spells: 3/5 levels left

rFire    . . .     SeeInvis .   (no weapon)
rCold    . . .     Gourm    .   (no shield)
rNeg     . . .     Faith    .   (helmet restricted)
rPois    .         Spirit   .   (no amulet)
rElec    .         Reflect  .   (no ring)
rCorr    .         Harm     .   (no ring)
MR       .....                  (no ring)
Stlth    +++.......             (no ring)
HPRegen  0.05/turn              (no ring)
MPRegen  0.09/turn              (no ring)
                                (no ring)
                                (no ring)

@: no status effects
A: almost no armour, stealthy swim, amphibious, 8 rings, constrict 8, camouflage
1, gelatinous body 1
a: no special abilities


You were on level 2 of the Dungeon.
You were not hungry.

You visited 1 branch of the dungeon, and saw 3 of its levels.

You collected 75 gold pieces.

Inventory:

Missiles
 c - 5 boomerangs (quivered)
 e - 3 stones
Jewellery
 f - an uncursed ring of fire
Scrolls
 d - a scroll of amnesia {unknown}
Comestibles
 a - a chunk of flesh
 b - a ration


   Skills:
 + Level 2.3 Dodging
 + Level 3.2 Stealth
 + Level 0.9 Unarmed Combat
 - Level 2.0 Spellcasting
 - Level 4.0 Necromancy


You had 3 spell levels left.
You knew the following spells:

 Your Spells              Type           Power        Failure   Level  Hunger
a - Pain                  Necr           ###.         3%          1    #......
b - Animate Skeleton      Necr           N/A          3%          1    #......

Your spell library contained the following spells:

 Spells                   Type           Power        Failure   Level  Hunger
 Vampiric Draining        Necr           ###.......   11%         3    ###....
 Regeneration             Chrm/Necr      #.........   26%         3    ###....
 Animate Dead             Necr           N/A          36%         4    #####..


Dungeon Overview and Level Annotations

Branches:
Dungeon (3/15)

Altars:
Xom


Innate Abilities, Weirdness & Mutations

You cannot wear most types of armour.
You are very stealthy in the water. (Stealth+)
You are amphibious.
You can wear up to eight rings at the same time.
You can use your tentacles to constrict eight enemies at once.
Your skin changes colour to match your surroundings (Stealth+).
Your rubbery body absorbs attacks. (AC +1, EV +1)


Message History

Confirm with . or Enter, or press ? or * to list all spells.
Aiming: Pain (safe; 3% risk of failure)
Press: ? - help, Shift-Dir - straight line, f/p - hound
Aim: a hound (moderately wounded, chance to defeat MR: 80%)
The hound writhes in agony.
The hound bites you.
You tentacle-slap the hound but do no damage.
Your grab misses the hound.
The hound is severely wounded.
The hound bites you.
* * * LOW HITPOINT WARNING * * *
Unknown command.
Casting: Pain (safe; 3% risk of failure)
Confirm with . or Enter, or press ? or * to list all spells.
Aiming: Pain (safe; 3% risk of failure)
Press: ? - help, Shift-Dir - straight line, f/p - hound
Aim: a hound (severely wounded, chance to defeat MR: 80%)
The hound writhes in agony.
The hound bites you.
* * * LOW HITPOINT WARNING * * *
The hound bites you.
You die...

#.# ......#.###.#
##..# #.#
#####.#..##.# #...#
..# #.##+##.# ##.##
### ###...### #.# #
##[....## #.# ####
#.8...8.#####.# ...#
#.#.....#.##.#.# .#.##
#...8...8h..#...#
....+
+.....(...@.'...#
.#.##
#...8...8...#...####
##.#
##.#.....#.##.....>###
##.#
##.8...8.##.........#
...#
##.....###.##.##.#.#
#### ##...# #.
#.##.#.# # #.##+# #.
#..#.# # # #(#.. #.
##.#.# # ##.#.#
#.###.#.#


You could see a hound.

Vanquished Creatures
  A leopard gecko (D:3)
  A giant cockroach (D:1)
  2 hobgoblins
  A kobold (D:3)
  4 rats
9 creatures vanquished.

Vanquished Creatures (collateral kills)
  A rat (D:1)
1 creature vanquished.

Grand Total: 10 creatures vanquished

Notes
Turn   | Place    | Note
-------+----------+-------------------------------------------
     0 | D:1      | M4edhros the Octopode Necromancer began the quest for the
                  | Orb.
     0 | D:1      | Reached XP level 1. HP: 11/11 MP: 3/3
    50 | D:1      | Learned a level 1 spell: Animate Skeleton
   145 | D:2      | Noticed a hound
   189 | D:2      | Reached XP level 2. HP: 14/17 MP: 5/5
   304 | D:3      | Found a shimmering altar of Xom.
   380 | D:2      | Slain by a hound

Levels and vault maps discovered:
D:1:      ebering_trefoil_3fold, layout_basic
D:2:      minmay_wonky_spiral, layout_loops_corners, minmay_misc_feat_columns,
          minivault_25, minmay_tree_intersection, dk_noncrumbling_3
D:3:      layout_loops_cross, lemuel_crystal_altar, marbit_many_paths,
          minmay_starry_boxes, uniq_terence

Skill      XL: |  1 |
---------------+----+-----
Stealth        | 3 |  3.2
Dodging        | |  2.3
Unarmed Combat | |  0.9
Spellcasting   | |  2.0
Necromancy     | |  4.0

Action                   || total
-------------------------++-------
Melee: Unarmed           ||    18
       Constrict         ||     5
       Tentacles         ||     6
 Cast: Animate Skeleton  ||     5
       Pain              ||     5
 Stab: Sleeping          ||     3
Dodge: Dodged            ||     9
